 Dungeon Crawl Stone Soup version 0.19-a0-1717-gc7c1317 (webtiles) character file.

417 Flanowski the Changer (level 6, -5/30 HPs)
             Began as a Vine Stalker Transmuter on Sept 29, 2016.
             Slain by a phantom (7 damage)
             ... on level 3 of the Dungeon.
             The game lasted 00:04:29 (2519 turns).

Flanowski the Changer (Vine Stalker Transmuter)     Turns: 2519, Time: 00:04:30

Health: -5/30      AC:  3    Str: 14    XL:     6   Next: 92%
Magic:  0/12       EV: 13    Int: 13    God:
Gold:   117        SH:  0    Dex: 15    Spells: 3 memorised, 5 levels left

rFire  . . .     SeeInvis .     l - +0 short sword (venom)
rCold  . . .     Gourm    .     b - +0 robe
rNeg   . . .     Faith    .     (no shield)
rPois  .         Spirit   +     (no helmet)
rElec  .         Dismiss  .     (no cloak)
rCorr  .         Reflect  .     (no gloves)
MR     .....     Harm     .     (no boots)
Stlth  +.........               (no amulet)
                                (no ring)
                                (no ring)

@: no status effects
A: fangs 2, regeneration 1, magic shield, antimagic bite, no device heal 3, rot
immunity
a: no special abilities


You were on level 3 of the Dungeon.
You were not hungry.

You visited 1 branch of the dungeon, and saw 3 of its levels.

You collected 117 gold pieces.

Inventory:

Hand Weapons
 l - a +0 short sword of venom (weapon)
Missiles
 a - 42 arrows
Armour
 b - a +0 robe (worn)
Jewellery
 e - a +5 ring of intelligence
 f - an uncursed ring of flight {unknown}
Wands
 n - a wand of hasting (6/9)
Scrolls
 i - a scroll of remove curse
 j - 4 scrolls of identify
Potions
 g - 2 potions of curing {unknown}
 h - a potion of heal wounds {unknown}
 p - a potion of degeneration {unknown}
Books
 c - a book of Changes

   Spells                             Type                      Level
   a - Beastly Appendage              Transmutation                1
   b - Sticks to Snakes               Transmutation                2
   c - Spider Form                    Transmutation/Poison         3
   d - Ice Form                       Ice/Transmutation            4
   e - Blade Hands                    Transmutation                5
Comestibles
 d - a bread ration
 k - 7 chunks of flesh
 m - a meat ration
 q - a slice of pizza


   Skills:
 + Level 1.9 Fighting
 + Level 2.7 Dodging
 + Level 4.2 Unarmed Combat
 + Level 3.4 Spellcasting
 * Level 4.6 Transmutations


You had 5 spell levels left.
You knew the following spells:

 Your Spells              Type           Power        Failure   Level  Hunger
a - Beastly Appendage     Tmut           ##....       3%          1    #......
b - Sticks to Snakes      Tmut           ##......     6%          2    ##.....
c - Spider Form           Tmut/Pois      #.........   28%         3    ###....


Dungeon Overview and Level Annotations

Branches:
Dungeon (3/15)

Altars:


Innate Abilities, Weirdness & Mutations

You have extremely sharp teeth.
Your natural rate of healing is unusually fast.
When hurt, damage is shared between your health and your magic reserves.
Your bite disrupts and absorbs the magic of your enemies.
Potions and wands cannot restore your health.
You are immune to rotting.


Message History

a dagger; a ring mail; an orc corpse You hit the orc priest but do no damage.
The orc priest is poisoned.
You bite the orc priest, but do no damage.
You feel sick.
You are no longer poisoned.
The orc misses you.
The orc priest invokes the aid of Beogh against you.
You struggle to resist.
You closely miss the orc priest.
You kill Grinder!
The orc hits you but does no damage. The orc priest hits you with a mace.
* * * LOW HITPOINT WARNING * * *
You barely miss the orc priest. Your punch misses the orc priest.
You bite the orc priest, but do no damage.
The orc priest is lightly wounded.
The orc hits you with a short sword.
* * * LOW HITPOINT WARNING * * *
The phantom hits you!
You die...

## ### ####..####.#
........W@o# .###..####o#
#.# #. #.# #.# #..# #.#
#######.# #..# #.#
........# #..# #.#
#..##..###..# #.# %#
##....%......####.##.####
................5oo......


You could see a phantom, an orc priest and an orc.

Vanquished Creatures
  Grinder (D:3)
  Jessica (D:2)
  Ijyb (D:2)
  Natasha (thrice) (D:2)
  4 adders
  An ooze (D:1)
  A worm (D:2)
  5 dart slugs
  5 orcs (D:3)
  5 bats
  A giant cockroach (D:3)
  6 goblins
  7 hobgoblins
  3 jackals (D:2)
  A ball python (D:2)
  3 frilled lizards
  6 kobolds
  6 rats
60 creatures vanquished.

Notes
Turn   | Place    | Note
-------+----------+-------------------------------------------
     0 | D:1      | Flanowski the Vine Stalker Transmuter began the quest for the Orb.
     0 | D:1      | Reached XP level 1. HP: 9/9 MP: 4/4
   167 | D:1      | Reached XP level 2. HP: 14/14 MP: 4/6
   505 | D:1      | Reached XP level 3. HP: 17/17 MP: 5/7
  1068 | D:2      | Noticed Natasha
  1076 | D:2      | Killed Natasha
  1343 | D:2      | Gained mutation: Your natural rate of healing is unusually fast. [Vine Stalker growth]
  1343 | D:2      | Reached XP level 4. HP: 8/21 MP: 6/8
  1450 | D:2      | Noticed Jessica
  1460 | D:2      | Killed Jessica
  1653 | D:2      | Noticed Natasha
  1661 | D:2      | Killed Natasha
  1661 | D:2      | Reached skill level 1 in Fighting
  1661 | D:2      | Reached XP level 5. HP: 21/25 MP: 6/10
  1720 | D:2      | Noticed Natasha
  1728 | D:2      | Killed Natasha
  1950 | D:2      | Noticed Ijyb
  1961 | D:2      | Killed Ijyb
  2070 | D:3      | Learned a level 2 spell: Sticks to Snakes
  2074 | D:3      | Learned a level 3 spell: Spider Form
  2471 | D:3      | Noticed a phantom
  2473 | D:3      | Reached XP level 6. HP: 30/30 MP: 11/11
  2480 | D:3      | Noticed Grinder
  2518 | D:3      | Killed Grinder
  2519 | D:3      | Slain by a phantom

Vault maps used:
D:1:      dpeg_arrival_stone_temple_mockup
D:2:      hangedman_abyss_or_decor_stabs, uniq_jessica, uniq_natasha, uniq_iyjb
D:3:      first_bread, uniq_grinder

Skill      XL: |  1  2  3  4  5  6 |
---------------+-------------------+-----
Unarmed Combat | 4 |  4.2
Transmutations | 3 4 |  4.6
Dodging        | 2 |  2.7
Fighting       | 1 |  1.9
Spellcasting   | 3 |  3.4

Action                   |  1- 3 |  4- 6 || total
-------------------------+-------+-------++-------
Melee: Unarmed           |    72 |       ||    72
       Bite              |    15 |    31 ||    46
       Kick              |     7 |     4 ||    11
       Headbutt          |     6 |     6 ||    12
       Short sword       |       |    98 ||    98
       Punch             |       |     1 ||     1
 Cast: Beastly Appendage |    19 |    15 ||    34
  Use: Scroll            |       |     3 ||     3
 Stab: Sleeping          |     2 |     1 ||     3
  Eat: Chunk             |     2 |     4 ||     6
Armor: Robe              |    10 |    17 ||    27
Dodge: Dodged            |    38 |    51 ||    89
